[Event "November 21 Late 2023"]
[Site "https://www.chess.com"]
[Date "2023.11.21"]
[Round "5"]
[White "Tatarinov, Dmitry"]
[Black "Kovalevsky, Stanislav"]
[Result "1-0"]
[Board "39"]
[TimeControl "180+1"]
[WhiteFideId "24160067"]
[BlackFideId "13508598"]
[WhiteElo "2344"]
[BlackElo "2092"]
[WhiteTeam "RUS"]
[BlackTeam "FID"]
[WhiteClock "0:01:45"]
[BlackClock "0:00:00"]

1. d4 d5 2. c4 c6 3. Nc3 Nf6 4. e3 e6 5. Nf3 Ne4 6. Bd3 f5 7. Qc2 Nd7 8. O-O Bd6 9. b3 O-O 10. Bb2 g5 11. Ne2 Qf6 12. Bxe4 fxe4 13. Nd2 h5 14. f3 exf3 15. Rxf3 Qg7 16. Rxf8+ Nxf8 17. e4 Bd7 18. Rf1 Be8 19. exd5 exd5 20. Nf3 Bg6 21. Qd2 Re8 22. Ne5 Be4 23. Ng3 Bxe5 24. dxe5 h4 25. Nh5 Qg6 26. Nf6+ Kg7 27. Nxe8+ Qxe8 28. Qxg5+ Ng6 29. e6+ Kg8 30. Qh6 1-0

[Event "November 21 Late 2023"]
[Site "https://www.chess.com"]
[Date "2023.11.21"]
[Round "5"]
[White "topce"]
[Black "Margvelashvili, Giorgi"]
[Result "0-1"]
[Board "40"]
[TimeControl "180+1"]
[BlackFideId "13602926"]
[WhiteElo "2462"]
[BlackElo "2549"]
[BlackTeam "GEO"]
[WhiteClock "0:00:00"]
[BlackClock "0:00:04"]

1. c4 Nf6 2. Nc3 c5 3. g3 e6 4. Nf3 b6 5. Bg2 Bb7 6. O-O a6 7. d4 cxd4 8. Qxd4 d6 9. Bg5 Nbd7 10. Rfd1 Be7 11. Bxf6 Nxf6 12. Nd2 Bxg2 13. Kxg2 O-O 14. Nde4 Nxe4 15. Nxe4 Qc7 16. Rac1 Rfd8 17. Qd3 Rac8 18. h4 h6 19. b3 Qb7 20. Qf3 Rc7 21. a4 f5 22. Nd2 Qxf3+ 23. Nxf3 Kf7 24. e3 g6 25. Kf1 Rdc8 26. Rb1 g5 27. hxg5 hxg5 28. Ke2 g4 29. Nd4 Bf6 30. Rd3 Rh8 31. Rbd1 Ke7 32. Nc2 Be5 33. Nb4 Ra8 34. f4 gxf3+ 35. Kxf3 Kf6 36. e4 Rg7 37. Rg1 Rag8 38. exf5 a5 39. Nc6 Rxg3+ 40. Rxg3 Rxg3+ 41. Ke2 Rxd3 42. Kxd3 exf5 43. b4 axb4 44. Nxb4 Ke6 45. Nd5 Kd7 46. Nxb6+ Kc6 47. Nd5 Kc5 48. Ne3 f4 49. Nd5 f3 50. Ne3 Bd4 51. Nf1 f2 52. a5 Bf6 53. Ke2 Bd4 54. Kd3 Bf6 55. Ke2 Bh4 56. Kd3 Kc6 0-1

[Event "November 21 Late 2023"]
[Site "https://www.chess.com"]
[Date "2023.11.21"]
[Round "5"]
[White "Ghasi, Ameet K"]
[Black "Real_taiatai"]
[Result "1-0"]
[Board "41"]
[TimeControl "180+1"]
[WhiteFideId "409200"]
[WhiteElo "2558"]
[BlackElo "2458"]
[WhiteTeam "ENG"]
[WhiteClock "0:00:08"]
[BlackClock "0:00:03"]

1. c4 Nf6 2. e3 g6 3. Nf3 Bg7 4. d4 O-O 5. Nc3 d5 6. Be2 c5 7. Kf1 cxd4 8. exd4 Nc6 9. h3 Be6 10. c5 Ne4 11. Be3 f5 12. Nxe4 fxe4 13. Ng5 Bf5 14. h4 h6 15. Nh3 e5 16. dxe5 d4 17. Bc4+ Kh8 18. Bc1 Nxe5 19. Bb3 e3 20. Nf4 Bg4 21. Nxg6+ Kh7 22. Nxf8+ Qxf8 23. Qe1 Kh8 24. Bxe3 Nd3 25. Qd2 dxe3 26. Qxe3 Nxc5 27. Bc2 Re8 28. Qg3 Bd4 29. f3 Bd7 30. a4 Be6 31. b3 Bxa1 32. Qg6 Re7 33. h5 Bd4 34. Rh4 Bxb3 35. Rxd4 Bxc2 36. Qxc2 Re5 37. Qg6 Ne6 38. Rd7 Ng7 39. Qxh6+ Kg8 40. Qg6 Re7 41. Rd1 Qe8 42. Qg3 Qxh5 43. Rd8+ Re8 44. Rd7 Qh6 45. Qc7 Qc1+ 46. Qxc1 Nf5 47. Qg5+ Kf8 48. Qxf5+ Kg8 49. Qf7+ 1-0

[Event "November 21 Late 2023"]
[Site "https://www.chess.com"]
[Date "2023.11.21"]
[Round "5"]
[White "Skvortsov, Andrei"]
[Black "Willy, Stephen"]
[Result "1-0"]
[Board "42"]
[TimeControl "180+1"]
[WhiteFideId "24108600"]
[BlackFideId "30981468"]
[WhiteElo "2357"]
[BlackElo "2139"]
[WhiteTeam "MNE"]
[BlackTeam "USA"]
[WhiteClock "0:00:38"]
[BlackClock "0:00:00"]

1. e4 e6 2. d4 d5 3. exd5 exd5 4. Nf3 Bd6 5. c4 Qe7+ 6. Be3 dxc4 7. Bxc4 Nf6 8. h3 Bf4 9. Qe2 Bxe3 10. Qxe3 Qxe3+ 11. fxe3 O-O 12. Nc3 Bf5 13. O-O-O Nc6 14. Rhe1 Rfe8 15. g4 Bg6 16. a3 Re7 17. Nh4 Rae8 18. Nxg6 hxg6 19. Kd2 Nh7 20. Nd5 Rd7 21. Rf1 Ng5 22. Nf4 Ne4+ 23. Kc2 Nd6 24. Ba2 Rxe3 25. Nxg6 Re2+ 26. Kb1 Ne4 27. Nf4 Rh2 28. Rfe1 Rxd4 29. Rxd4 Nxd4 30. Bxf7+ Kxf7 31. Rxe4 Nc6 32. g5 Rf2 33. h4 a5 34. b4 axb4 35. axb4 Ne7 36. h5 Nf5 37. Nd5 Nd6 38. g6+ Kf8 39. Rd4 c6 40. Nc7 Nf5 41. Re4 Nd6 42. Re6 1-0

[Event "November 21 Late 2023"]
[Site "https://www.chess.com"]
[Date "2023.11.21"]
[Round "5"]
[White "Jarmula, Lukasz"]
[Black "ilya2700"]
[Result "1-0"]
[Board "43"]
[TimeControl "180+1"]
[WhiteFideId "1160664"]
[WhiteElo "2372"]
[BlackElo "2249"]
[WhiteTeam "POL"]
[WhiteClock "0:01:45"]
[BlackClock "0:00:00"]

1. c4 c5 2. Nf3 e6 3. Nc3 Nf6 4. e3 d5 5. cxd5 exd5 6. Bb5+ Nc6 7. d4 Bd6 8. dxc5 Bxc5 9. O-O O-O 10. b3 Bg4 11. h3 Bh5 12. Bb2 d4 13. Na4 Qd5 14. Bxc6 Qxc6 15. Nxc5 Qxc5 16. Qxd4 Qe7 17. Qh4 Bxf3 18. gxf3 Nd5 19. Qd4 Nf6 20. Kh1 Rfd8 21. Qh4 Rd2 22. Bc3 Rc2 23. Bd4 a6 24. Rg1 Kf8 25. Qg5 Ne8 26. Bxg7+ Nxg7 27. Qxg7+ Ke8 28. Qh8+ Kd7 29. Qxa8 Qh4 30. Qxb7+ Rc7 31. Qd5+ Kc8 32. Qf5+ Kb7 33. Qe4+ Qxe4 34. fxe4 h5 35. Rg7 h4 36. e5 Rc2 37. Rxf7+ Kb6 38. e6 1-0

[Event "November 21 Late 2023"]
[Site "https://www.chess.com"]
[Date "2023.11.21"]
[Round "5"]
[White "Saim, Mohamed Ilias"]
[Black "Zakaryan, David"]
[Result "0-1"]
[Board "44"]
[TimeControl "180+1"]
[WhiteFideId "7900465"]
[BlackFideId "24101923"]
[WhiteElo "2063"]
[BlackElo "2323"]
[WhiteTeam "ALG"]
[BlackTeam "RUS"]
[WhiteClock "0:00:02"]
[BlackClock "0:00:21"]

1. d4 Nf6 2. c4 e6 3. Nf3 c5 4. d5 exd5 5. cxd5 d6 6. Nc3 g6 7. e4 Bg7 8. h3 O-O 9. Be2 Re8 10. Qc2 Na6 11. O-O Nb4 12. Qb1 Nfxd5 13. exd5 Bf5 14. Bg5 f6 15. Qd1 fxg5 16. Rc1 g4 17. hxg4 Bxg4 18. a3 Na6 19. Bxa6 bxa6 20. Qd3 Rb8 21. Nd2 Rxb2 22. Nde4 Bf5 23. Rfe1 Bxc3 24. Qxc3 Bxe4 25. Qxb2 Bxd5 26. Rxe8+ Qxe8 27. Qd2 Qe4 28. f3 Qe5 29. Rd1 Bb3 30. Re1 Qf6 31. Qe3 Bf7 32. Qe7 Qd4+ 33. Kh1 c4 34. Qd8+ Kg7 35. Re4 Qa1+ 36. Kh2 Qf6 37. Qxf6+ Kxf6 38. Kg1 d5 39. Re1 d4 40. Kf2 Bd5 41. Rd1 Ke5 42. f4+ Ke4 43. g4 d3 44. f5 gxf5 45. gxf5 c3 46. f6 c2 47. Re1+ Kd4 48. f7 Bxf7 49. Re7 Bc4 50. Rd7+ Kc3 51. Rxh7 c1=Q 52. Rh2 Qf4+ 53. Kg2 Bd5+ 54. Kg1 Qg3+ 55. Rg2 Qxg2# 0-1

[Event "November 21 Late 2023"]
[Site "https://www.chess.com"]
[Date "2023.11.21"]
[Round "5"]
[White "Ambartsumova, Karina"]
[Black "Stoyanov, Tsvetan"]
[Result "0-1"]
[Board "45"]
[TimeControl "180+1"]
[WhiteFideId "4166299"]
[BlackFideId "2917173"]
[WhiteElo "2240"]
[BlackElo "2390"]
[WhiteTeam "RUS"]
[BlackTeam "BUL"]
[WhiteClock "0:00:09"]
[BlackClock "0:00:15"]

1. d4 d5 2. c4 e5 3. dxe5 d4 4. Nf3 Nc6 5. g3 Nge7 6. Bg2 Ng6 7. O-O Ngxe5 8. Nxe5 Nxe5 9. Nd2 Be7 10. Nf3 Nxf3+ 11. Bxf3 O-O 12. e3 Bf6 13. exd4 Bxd4 14. Qc2 Qf6 15. Be4 h6 16. Bf4 c6 17. Rab1 Bh3 18. Bg2 Bf5 19. Be4 Bg4 20. Kg2 Rfe8 21. f3 Be6 22. b3 Rad8 23. Rbe1 Bc8 24. Re2 Re7 25. Rfe1 Rde8 26. Bh7+ Kh8 27. Rxe7 Rxe7 28. Rxe7 Qxe7 29. Be4 Be6 30. Qe2 Qa3 31. Bd3 Bf6 32. Qe4 Qxa2+ 33. Bc2 g6 34. g4 Kg7 35. Kg3 Qa1 36. Qe3 Bd4 37. Bxh6+ Kh7 38. Qc1 Be5+ 39. Kh3 Qc3 40. Be4 Qxb3 41. Bf8 Qxc4 42. Qh6+ Kg8 43. Bxg6 Qf1+ 44. Kh4 Qf2+ 45. Kg5 Qd2+ 46. Kh5 Qxh2+ 47. Kg5 Bf4+ 48. Kf6 Bxh6 0-1

[Event "November 21 Late 2023"]
[Site "https://www.chess.com"]
[Date "2023.11.21"]
[Round "5"]
[White "Rosen, Eric"]
[Black "Sturt, Raven"]
[Result "0-1"]
[Board "46"]
[TimeControl "180+1"]
[WhiteFideId "2032562"]
[BlackFideId "2007304"]
[WhiteElo "2346"]
[BlackElo "2408"]
[WhiteTeam "USA"]
[BlackTeam "USA"]
[WhiteClock "0:00:00"]
[BlackClock "0:00:02"]

1. e4 e5 2. Nf3 Nc6 3. Nc3 Nf6 4. d4 exd4 5. Nxd4 Bb4 6. Nxc6 bxc6 7. Bd3 O-O 8. Bd2 d5 9. O-O Re8 10. Nxd5 Nxd5 11. exd5 Bxd2 12. Qxd2 cxd5 13. b4 Qd6 14. Rad1 Be6 15. a3 a5 16. c3 c5 17. Rb1 d4 18. bxc5 Qxc5 19. cxd4 Qxa3 20. d5 Bd7 21. Ra1 Qb4 22. Qc2 Rec8 23. Bxh7+ Kh8 24. Qd3 Rc3 25. Qb1 Rb3 26. Qe4 g6 27. Bxg6 fxg6 28. Qxg6 Qf4 29. Rfe1 Rf8 30. Ra2 Be8 31. Qc2 a4 32. f3 Qd4+ 33. Kh1 Qxd5 34. Rxa4 Bxa4 35. Qg6 Qf5 36. Qh6+ Kg8 37. Qa6 Rb4 38. Qd6 Rb1 0-1

[Event "November 21 Late 2023"]
[Site "https://www.chess.com"]
[Date "2023.11.21"]
[Round "5"]
[White "Hambleton, Aman"]
[Black "Bettalli, Francesco"]
[Result "1-0"]
[Board "47"]
[TimeControl "180+1"]
[WhiteFideId "2606577"]
[BlackFideId "2816453"]
[WhiteElo "2511"]
[BlackElo "2226"]
[WhiteTeam "CAN"]
[BlackTeam "ITA"]
[WhiteClock "0:00:04"]
[BlackClock "0:00:09"]

1. d4 g6 2. c4 Nf6 3. Nc3 c5 4. d5 a6 5. a4 d6 6. e4 Bg7 7. Bd3 e6 8. h3 Qe7 9. Nf3 a5 10. O-O e5 11. Nh2 Nh5 12. Qf3 Na6 13. g4 Nf4 14. Bxf4 exf4 15. Qxf4 Nb4 16. Rad1 Be5 17. Qd2 h5 18. f4 Bd4+ 19. Kh1 hxg4 20. hxg4 Bxg4 21. Rde1 Qh4 22. Bb1 O-O-O 23. Nb5 Bh3 24. Nxd4 Bxf1 25. Nf3 Qh3 26. Kg1 Bxc4 27. Qg2 Qd7 28. Ng4 Qxa4 29. Ne3 Ba6 30. e5 Qb3 31. Be4 Bd3 32. Ng5 Rh4 33. Nxf7 Rf8 34. Nxd6+ Kb8 35. Bf3 Rhxf4 36. Bd1 Qa2 37. e6 Kc7 38. e7 Kxd6 39. exf8=Q+ Rxf8 40. Qg3+ Kd7 41. Qe5 Re8 42. Bg4+ Kd8 43. Qd6# 1-0

[Event "November 21 Late 2023"]
[Site "https://www.chess.com"]
[Date "2023.11.21"]
[Round "5"]
[White "Deng, Henry"]
[Black "Wagner, Dennis"]
[Result "0-1"]
[Board "48"]
[TimeControl "180+1"]
[WhiteFideId "30965454"]
[BlackFideId "24650684"]
[WhiteElo "2569"]
[BlackElo "2482"]
[WhiteTeam "USA"]
[BlackTeam "GER"]
[WhiteClock "0:00:21"]
[BlackClock "0:00:35"]

1. e4 e5 2. Nf3 Nc6 3. d4 exd4 4. Bc4 Nf6 5. e5 d5 6. Bb5 Nd7 7. O-O Be7 8. Bxc6 bxc6 9. Nxd4 Nb8 10. Nc3 O-O 11. Nb3 a5 12. a4 f6 13. f4 fxe5 14. fxe5 Rxf1+ 15. Qxf1 Nd7 16. Bf4 Nc5 17. Nd4 Qd7 18. Kh1 Ba6 19. Qf3 Rf8 20. Qg3 Ne6 21. Bh6 Rf7 22. Qg4 Bc8 23. Nf3 Nf4 24. Qg3 Nh5 25. Qe1 gxh6 26. Nd4 Qg4 27. e6 Rg7 28. Nxc6 Qxg2# 0-1

[Event "November 21 Late 2023"]
[Site "https://www.chess.com"]
[Date "2023.11.21"]
[Round "5"]
[White "elmusmolamas"]
[Black "Hansen, Sune Berg"]
[Result "1-0"]
[Board "49"]
[TimeControl "180+1"]
[BlackFideId "1400266"]
[WhiteElo "2568"]
[BlackElo "2715"]
[BlackTeam "DEN"]
[WhiteClock "0:00:11"]
[BlackClock "0:00:24"]

1. e4 e5 2. Nf3 Nc6 3. Bc4 Nf6 4. d3 Bc5 5. c3 O-O 6. Bb3 d5 7. exd5 Nxd5 8. O-O h6 9. Nbd2 Re8 10. Nc4 Bg4 11. Bc2 a6 12. Qe2 b5 13. Ne3 Nf4 14. Qd1 Bh5 15. Nf5 Ne6 16. Ng3 Bg6 17. Re1 Bd6 18. Ne4 Bf8 19. Be3 f5 20. Ng3 f4 21. Bb3 fxg3 22. hxg3 Qxd3 23. Qxd3 Bxd3 24. Bd5 Na5 25. Bxa8 Rxa8 26. Nxe5 Bh7 27. a4 Nb3 28. Ra2 Re8 29. axb5 axb5 30. Ra7 Bd6 31. Nf3 Be4 32. Nd2 Nxd2 33. Bxd2 Bd5 34. Be3 Kf7 35. Rd1 Bb3 36. Rxd6 Re7 37. Rd2 h5 38. Ra3 1-0

[Event "November 21 Late 2023"]
[Site "https://www.chess.com"]
[Date "2023.11.21"]
[Round "5"]
[White "Erzhanov, Arman"]
[Black "Annaberdiyev, Meylis"]
[Result "1/2-1/2"]
[Board "50"]
[TimeControl "180+1"]
[WhiteFideId "4138821"]
[BlackFideId "14000563"]
[WhiteElo "2171"]
[BlackElo "2405"]
[WhiteTeam "KAZ"]
[BlackTeam "TKM"]
[WhiteClock "0:01:31"]
[BlackClock "0:00:05"]

1. e4 c5 2. Nf3 Nc6 3. Bb5 d6 4. O-O Bd7 5. Re1 a6 6. Bf1 Nf6 7. h3 g5 8. d4 g4 9. d5 gxf3 10. dxc6 Bxc6 11. Qxf3 Rg8 12. Nc3 Qd7 13. Nd5 Bxd5 14. exd5 O-O-O 15. Bd3 Kb8 16. Bf5 Qc7 17. c4 h5 18. Rb1 Rh8 19. b4 Bh6 20. Bxh6 Rxh6 21. Qe3 Rhh8 22. Qxe7 Qxe7 23. Rxe7 Rhe8 24. Rxf7 Rf8 25. Rxf8 Rxf8 26. bxc5 dxc5 27. Be6 Ne8 28. f4 Rxf4 29. Rf1 Rxf1+ 30. Kxf1 Nd6 31. g4 hxg4 32. h4 Nxc4 33. h5 Ne5 34. h6 Kc7 35. h7 Ng6 36. Bf5 Nh8 37. Bxg4 Kd6 38. Ke2 b5 39. Be6 Ke5 40. Ke3 a5 41. Bd7 b4 42. Bc6 c4 43. Bb7 c3 44. Kd3 Ng6 45. Bc6 Nh8 46. Kc2 Ng6 47. Kb3 Kd6 48. Be8 Nh8 49. Bc6 Ng6 50. Kc2 Nh8 51. Kd3 Ke5 52. Bb7 Ng6 53. Bc6 Nh8 1/2-1/2

[Event "November 21 Late 2023"]
[Site "https://www.chess.com"]
[Date "2023.11.21"]
[Round "5"]
[White "Bjelobrk, Igor"]
[Black "D`Arruda, Ricardo D."]
[Result "0-1"]
[Board "51"]
[TimeControl "180+1"]
[WhiteFideId "4300726"]
[BlackFideId "100692"]
[WhiteElo "2319"]
[BlackElo "2535"]
[WhiteTeam "AUS"]
[BlackTeam "ARG"]
[WhiteClock "0:00:02"]
[BlackClock "0:00:13"]

1. d4 Nf6 2. c4 e5 3. dxe5 Ne4 4. Nd2 Nc5 5. Ngf3 Nc6 6. g3 Qe7 7. Bg2 Nxe5 8. Nxe5 Qxe5 9. O-O g6 10. Nf3 Qd6 11. Bf4 Qxd1 12. Raxd1 d6 13. b4 Ne6 14. Be3 Bg7 15. Nd4 Nxd4 16. Bxd4 O-O 17. Be3 a5 18. b5 a4 19. b6 c6 20. Rxd6 Be6 21. Rc1 a3 22. Bd4 Ra4 23. Bxg7 Kxg7 24. c5 Bxa2 25. Rd7 Rb8 26. Ra1 Be6 27. Rd3 a2 28. f4 Rb4 29. Rdd1 Ra8 30. Kf2 Ra5 31. Rdc1 Rb2 32. Be4 Ra4 33. Bd3 Ra3 34. Ke3 Rab3 35. Kd4 Rb4+ 36. Kc3 R2b3+ 37. Kd2 Rb2+ 38. Kc3 R2b3+ 39. Kd2 Ra3 40. Rc2 Rb1 41. Rc1 Rxa1 42. Rxa1 f5 43. Kc2 Ra5 44. Kb2 Rxc5 45. Rd1 Ra5 46. Ka1 Kf7 47. Rc1 Ke7 48. Rc2 Kd6 49. h4 Rc5 50. Rxc5 Kxc5 51. e4 Kxb6 52. exf5 gxf5 53. g4 fxg4 54. Bxh7 g3 55. Be4 Bd5 56. Bxd5 cxd5 57. Kxa2 g2 0-1

[Event "November 21 Late 2023"]
[Site "https://www.chess.com"]
[Date "2023.11.21"]
[Round "5"]
[White "a-z30"]
[Black "Fiorito, Francisco"]
[Result "0-1"]
[Board "52"]
[TimeControl "180+1"]
[BlackFideId "180165"]
[WhiteElo "2496"]
[BlackElo "2318"]
[BlackTeam "ARG"]
[WhiteClock "0:00:00"]
[BlackClock "0:00:10"]

1. d3 e5 2. Nf3 Nc6 3. g3 d5 4. Bg2 Be6 5. O-O Qd7 6. Ng5 Bg4 7. h3 Bh5 8. Nc3 f6 9. Nf3 O-O-O 10. e4 dxe4 11. dxe4 Nd4 12. g4 Nxf3+ 13. Qxf3 Bf7 14. Rd1 Qe8 15. Be3 Kb8 16. Rxd8+ Qxd8 17. Rd1 Qc8 18. Bxa7+ Kxa7 19. Nb5+ Kb8 20. Qc3 Be8 21. Bf1 Bxb5 22. Bxb5 c6 23. Qa5 Be7 24. Bc4 Nh6 25. Rd3 Qc7 26. Qa4 Bc5 27. Rb3 Rd8 28. Ba6 b6 29. Bd3 Nf7 30. Qc4 Nd6 31. Qxc5 Nb5 32. Qb4 Rd4 33. c4 Kb7 0-1

[Event "November 21 Late 2023"]
[Site "https://www.chess.com"]
[Date "2023.11.21"]
[Round "5"]
[White "Gurevich, Dmitry"]
[Black "MKlose11"]
[Result "0-1"]
[Board "53"]
[TimeControl "180+1"]
[WhiteFideId "2000407"]
[WhiteElo "2506"]
[BlackElo "2648"]
[WhiteTeam "USA"]
[WhiteClock "0:00:00"]
[BlackClock "0:01:23"]

1. d4 Nf6 2. c4 c5 3. Nf3 cxd4 4. Nxd4 Nc6 5. Nc3 d6 6. e4 g6 7. Be2 Bg7 8. Be3 O-O 9. O-O Bd7 10. Qd2 Re8 11. f3 Qa5 12. Rfd1 Rac8 13. Nb3 Qc7 14. Rac1 b6 15. Nd5 Qb7 16. Nd4 Nxd4 17. Bxd4 Nxd5 18. Bxg7 Kxg7 19. exd5 b5 20. Qd4+ Kg8 21. b3 bxc4 22. Bxc4 Bb5 23. Bxb5 Qxb5 24. Kf2 a5 25. h4 h5 26. Re1 Qb7 27. g4 hxg4 28. fxg4 Rxc1 29. Rxc1 Rc8 30. Rxc8+ Qxc8 31. Kg3 Qc2 32. Qa7 Qxa2 33. Qxe7 Qxb3+ 34. Kf4 Qxd5 35. Qa7 Kg7 36. g5 Qc4+ 37. Kg3 a4 0-1

[Event "November 21 Late 2023"]
[Site "https://www.chess.com"]
[Date "2023.11.21"]
[Round "5"]
[White "Vasquez Vargas, Henry Richard"]
[Black "Van Osch, Mees"]
[Result "1-0"]
[Board "54"]
[TimeControl "180+1"]
[WhiteFideId "3836878"]
[BlackFideId "1035967"]
[WhiteElo "2012"]
[BlackElo "2324"]
[WhiteTeam "PER"]
[BlackTeam "NED"]
[WhiteClock "0:00:30"]
[BlackClock "0:00:00"]

1. d4 d6 2. Nc3 Nf6 3. e4 a6 4. a3 g6 5. Bf4 Bg7 6. Qd2 Nbd7 7. O-O-O e5 8. dxe5 dxe5 9. Bxe5 O-O 10. f3 b5 11. Bf4 c5 12. Nh3 b4 13. axb4 cxb4 14. Nd5 Nxd5 15. Qxd5 Qf6 16. Qxa8 Qxb2+ 17. Kd2 Bc3+ 18. Ke3 Qxc2 19. Nf2 Nb6 20. Bd3 Qxd1 21. Nxd1 Nxa8 22. Nxc3 bxc3 23. Rc1 Be6 24. Rxc3 a5 25. Bd6 Rd8 26. Bc5 Nc7 27. Bb6 1-0

[Event "November 21 Late 2023"]
[Site "https://www.chess.com"]
[Date "2023.11.21"]
[Round "5"]
[White "Bugayev, Vladimir"]
[Black "Taboas Rodriguez, Daniel"]
[Result "0-1"]
[Board "55"]
[TimeControl "180+1"]
[WhiteFideId "30901480"]
[BlackFideId "2208466"]
[WhiteElo "2383"]
[BlackElo "2365"]
[WhiteTeam "USA"]
[BlackTeam "ESP"]
[WhiteClock "0:00:17"]
[BlackClock "0:00:16"]

1. e4 e5 2. Nf3 Nc6 3. d4 exd4 4. Nxd4 Nf6 5. Nxc6 bxc6 6. e5 Qe7 7. Qe2 Nd5 8. h4 a5 9. c4 Ba6 10. b3 Nb6 11. Bb2 Qe6 12. Nd2 Bb4 13. g3 O-O 14. Bh3 Qh6 15. f4 d5 16. O-O Bxd2 17. Qxd2 dxc4 18. Qc3 cxb3 19. Rf2 bxa2 20. Rxa2 Bb5 21. Rxa5 Nd5 22. Qe1 Qg6 23. Rxa8 Qxg3+ 24. Bg2 Rxa8 25. e6 Nxf4 26. exf7+ Kxf7 27. Qe5 Ra4 28. Qxc7+ Ke6 29. Qe5+ Kd7 30. Rd2+ Kc8 31. Qe8+ Kb7 32. Rd7+ Kb6 33. Qb8+ Kc5 34. Qd6+ Kc4 35. Qd5+ Nxd5 0-1

[Event "November 21 Late 2023"]
[Site "https://www.chess.com"]
[Date "2023.11.21"]
[Round "5"]
[White "Orphanator2009"]
[Black "De La Colina, Nicolas"]
[Result "1-0"]
[Board "56"]
[TimeControl "180+1"]
[BlackFideId "30946921"]
[WhiteElo "2233"]
[BlackElo "2088"]
[BlackTeam "USA"]
[WhiteClock "0:00:39"]
[BlackClock "0:00:03"]

1. e4 c5 2. Nf3 Nc6 3. d4 cxd4 4. Nxd4 Nf6 5. Nc3 d6 6. f3 e5 7. Nb3 Be6 8. Be3 Be7 9. Qd2 O-O 10. O-O-O a5 11. Bb5 Na7 12. Be2 Nc8 13. a4 Nb6 14. Kb1 Nc4 15. Bxc4 Bxc4 16. Nc1 Qd7 17. b3 Be6 18. Nb5 d5 19. Nd3 dxe4 20. Nxe5 Qxd2 21. Rxd2 exf3 22. Nxf3 Rac8 23. Nfd4 Bd5 24. Nf5 Bb4 25. c3 Be4+ 26. Kb2 Bxf5 27. cxb4 Bg6 28. bxa5 Ne4 29. Re2 Rfe8 30. Bd4 Bh5 31. Re3 Nf6 32. Rc1 Red8 33. Rxc8 Rxc8 34. Nd6 Rd8 35. Bxf6 gxf6 36. Re8+ Rxe8 37. Nxe8 Be2 38. Nxf6+ Kg7 39. Ne4 Kg6 40. Kc3 Bf1 41. g3 Kf5 42. Nf2 Ba6 43. b4 Bf1 44. Kd4 Ke6 45. Kc5 Kd7 46. Kb6 Bg2 47. b5 1-0

[Event "November 21 Late 2023"]
[Site "https://www.chess.com"]
[Date "2023.11.21"]
[Round "5"]
[White "Demchenko, Anton"]
[Black "Estrategia_vs_Tactica"]
[Result "0-1"]
[Board "57"]
[TimeControl "180+1"]
[WhiteFideId "4160258"]
[WhiteElo "2545"]
[BlackElo "2333"]
[WhiteTeam "SLO"]
[WhiteClock "0:00:06"]
[BlackClock "0:00:20"]

1. d4 Nf6 2. Nc3 d5 3. Bf4 g6 4. e3 Bg7 5. Nb5 Na6 6. h3 O-O 7. Nf3 Ne4 8. Be2 c5 9. c3 c4 10. a4 Bd7 11. O-O Qb6 12. Qc2 Bxb5 13. axb5 Qxb5 14. Rfb1 Rfc8 15. Ne5 Qb3 16. Qc1 Qb5 17. b4 Qe8 18. Bf3 Nd6 19. Bxd5 Nc7 20. Bf3 a6 21. Ng4 Rab8 22. e4 Ndb5 23. Bg3 h5 24. Ne3 e5 25. d5 Nd6 26. Qc2 Ncb5 27. Re1 Qe7 28. Bh2 Re8 29. Rad1 Rbc8 30. Be2 Bh6 31. Bf1 h4 32. Ng4 Bg7 33. Qd2 Kh7 34. f4 exf4 35. e5 Nf5 36. Bxf4 Qc7 37. d6 Qb6+ 38. Kh2 Rcd8 39. Bg5 Rd7 40. Bxc4 Nbxd6 41. exd6 Rxd6 42. Qf4 Rxd1 43. Rxe8 Qg1# 0-1

[Event "November 21 Late 2023"]
[Site "https://www.chess.com"]
[Date "2023.11.21"]
[Round "5"]
[White "Jesseinkman"]
[Black "Khamrakulov, Djurabek"]
[Result "0-1"]
[Board "58"]
[TimeControl "180+1"]
[BlackFideId "14201143"]
[WhiteElo "2485"]
[BlackElo "2535"]
[BlackTeam "UZB"]
[WhiteClock "0:00:20"]
[BlackClock "0:01:13"]

1. d4 f5 2. Bf4 c5 3. e3 g6 4. Nf3 Bg7 5. c3 cxd4 6. exd4 Nf6 7. Nbd2 O-O 8. Bc4+ Kh8 9. Ne5 e6 10. h4 Nh5 11. Bg5 Qc7 12. Be7 Re8 13. Bd6 Qb6 14. Bc5 Qc7 15. Bd6 Qb6 16. Bc5 Qa5 17. b4 Qa3 18. Qc2 b5 19. Bxb5 a6 20. Nb1 axb5 21. Nxa3 Rxa3 22. Nf7+ Kg8 23. Nd6 Rf8 24. Nxb5 Ra8 25. Bxf8 Bxf8 26. a4 Bb7 27. f3 Nc6 28. a5 Rc8 29. Qb3 Nf4 30. O-O Ba6 31. c4 Ne2+ 32. Kf2 Ncxd4 33. Nxd4 Nxd4 34. Qd3 Rxc4 35. Kg1 Bxb4 36. Rab1 Bc5 37. Rb8+ Kf7 38. Ra8 Nxf3+ 39. Kh1 Rxh4# 0-1

[Event "November 21 Late 2023"]
[Site "https://www.chess.com"]
[Date "2023.11.21"]
[Round "5"]
[White "Osmak, Yuliia"]
[Black "BardArtem"]
[Result "1/2-1/2"]
[Board "59"]
[TimeControl "180+1"]
[WhiteFideId "14101602"]
[WhiteElo "2303"]
[BlackElo "2783"]
[WhiteTeam "UKR"]
[WhiteClock "0:00:05"]
[BlackClock "0:00:03"]

1. d4 d5 2. Bf4 Nf6 3. e3 c5 4. Nf3 Nc6 5. Nbd2 cxd4 6. exd4 Bf5 7. c3 e6 8. Be2 Bd6 9. Be3 O-O 10. Nh4 Be4 11. O-O Rc8 12. g3 a6 13. f3 Bg6 14. Nxg6 hxg6 15. Bd3 e5 16. Nb3 Re8 17. Bg5 Qb6 18. Be3 exd4 19. Bxd4 Nxd4 20. cxd4 Nd7 21. Kg2 Nb8 22. Re1 Nc6 23. Rxe8+ Rxe8 24. Bf1 Ne7 25. Bd3 Nc6 26. Bc2 Be7 27. Qd2 Bf6 28. Rd1 Nxd4 29. Nxd4 Qxd4 30. Qxd4 Bxd4 31. Rxd4 Re2+ 32. Kh3 Rxc2 33. Rxd5 Rxb2 34. Rd8+ Kh7 35. a4 b5 36. Rb8 Rb4 37. axb5 axb5 38. Rb7 f6 39. f4 Rb2 40. Kg4 b4 41. h4 b3 42. Rb8 Rb1 43. Kf3 Rb2 44. Kg4 Rb1 45. Kf3 g5 46. fxg5 fxg5 47. h5 Rb2 48. Kg4 Rb1 49. Kxg5 Rb2 50. g4 Rb1 51. Kf5 Rb2 52. g5 Rf2+ 53. Ke4 Rg2 54. Kf4 Rf2+ 55. Kg3 Rb2 56. Kh3 Rc2 57. Rxb3 Rc5 58. Kg4 Rc4+ 59. Kg3 Rc5 60. Kh4 Rc4+ 61. Kh3 Rc5 62. Rg3 Rc4 63. Rg4 Rc1 64. Ra4 Rh1+ 65. Kg4 Rg1+ 66. Kf5 Rf1+ 67. Rf4 Ra1 68. Kg4 Rg1+ 69. Kh4 Rh1+ 70. Kg4 Rg1+ 71. Kf5 Ra1 72. Rc4 Rf1+ 73. Kg4 Rg1+ 74. Kf4 Rf1+ 75. Kg4 Rh1 76. Rc7 Rg1+ 77. Kf5 Rf1+ 78. Ke4 Re1+ 79. Kf3 Rg1 80. Kf4 Rf1+ 81. Kg3 Rg1+ 82. Kh4 Rh1+ 83. Kg4 Rg1+ 84. Kf5 Rf1+ 85. Ke6 Rg1 86. Kf5 1/2-1/2

[Event "November 21 Late 2023"]
[Site "https://www.chess.com"]
[Date "2023.11.21"]
[Round "5"]
[White "Rangel, Daniel"]
[Black "Sydoryka, Vladyslav"]
[Result "0-1"]
[Board "60"]
[TimeControl "180+1"]
[WhiteFideId "2124475"]
[BlackFideId "14145928"]
[WhiteElo "2267"]
[BlackElo "2271"]
[WhiteTeam "BRA"]
[BlackTeam "UKR"]
[WhiteClock "0:00:06"]
[BlackClock "0:00:36"]

1. d4 Nf6 2. c4 e6 3. Nc3 Bb4 4. e3 O-O 5. Ne2 d5 6. a3 Bd6 7. Ng3 Re8 8. cxd5 exd5 9. Bd3 c6 10. O-O Nbd7 11. Nf5 Bc7 12. Bd2 Nf8 13. Qc2 Ne6 14. Rae1 g6 15. Ng3 Bd7 16. f4 Ng7 17. f5 Bxg3 18. hxg3 Bxf5 19. Bxf5 Nxf5 20. Rxf5 gxf5 21. Qxf5 Re6 22. e4 Nxe4 23. Nxe4 dxe4 24. Rxe4 Qd5 25. Qg4+ Rg6 26. Qe2 Rxg3 27. Bh6 Kh8 28. Kh2 Rag8 29. Qf1 Rxg2+ 30. Kh3 Qh5+ 31. Rh4 R8g3# 0-1